[ AOE2 MATCH · #507978513 ]
UnrankedJapanese vs Mapuche
[ REPLAY ANALYSIS · EXTRACTED FROM THE RECORDED GAME ]
Feudal
12:06
Castle
20:37
Imperial
—
| APM avg | 45.1 |
| APM peak | 149 |
| eAPM avg | 21.0 |
| Villagers / military | 74 / 38 |
Focus
⚔️ 29.7% · 🌾 70.3%
Spearman ×29 · Archer ×4 · Militia ×2 · Skirmisher ×2 · Battering Ram ×1
Feudal
11:52
Castle
15:44
Imperial
32:41
| APM avg | 25.5 |
| APM peak | 49 |
| eAPM avg | 18.9 |
| Villagers / military | 191 / 199 |
Focus
⚔️ 19.5% · 🌾 80.5%
Knight ×163 · Throwing Axeman ×31 · Trade Cart ×4 · Trebuchet (Packed) ×3 · Monk ×2
Feudal
12:09
Castle
16:04
Imperial
31:56
| APM avg | 25.0 |
| APM peak | 62 |
| eAPM avg | 13.0 |
| Villagers / military | 76 / 101 |
Focus
⚔️ 32.7% · 🌾 67.3%
Skirmisher ×36 · Kona ×33 · Spearman ×26 · Monk ×3 · Petard ×3
Feudal
11:21
Castle
17:52
Imperial
31:30
| APM avg | 16.9 |
| APM peak | 46 |
| eAPM avg | 10.8 |
| Villagers / military | 83 / 25 |
Focus
⚔️ 14.7% · 🌾 85.3%
Spearman ×14 · Archer ×5 · Cataphract ×3 · Mangonel ×1 · Bombard Cannon ×1 · Trebuchet (Packed) ×1
Feudal
10:25
Castle
13:45
Imperial
27:44
| APM avg | 46.3 |
| APM peak | 119 |
| eAPM avg | 26.3 |
| Villagers / military | 175 / 79 |
Focus
⚔️ 24.5% · 🌾 75.5%
War Elephant ×38 · Camel Scout ×31 · Trebuchet (Packed) ×6 · Trade Cart ×5 · Monk ×3 · Battering Ram ×1
Feudal
10:48
Castle
15:28
Imperial
30:49
| APM avg | 24.4 |
| APM peak | 78 |
| eAPM avg | 12.5 |
| Villagers / military | 106 / 155 |
Focus
⚔️ 24.1% · 🌾 75.9%
Cavalry Archer ×144 · Spearman ×4 · Trebuchet (Packed) ×4 · Monk ×3
Feudal
11:34
Castle
15:32
Imperial
31:35
| APM avg | 25.8 |
| APM peak | 46 |
| eAPM avg | 18.0 |
| Villagers / military | 218 / 91 |
Focus
⚔️ 28.4% · 🌾 71.6%
Mangudai ×57 · Scorpion ×33 · Trebuchet (Packed) ×1
Feudal
11:49
Castle
17:01
Imperial
28:30
| APM avg | 51.7 |
| APM peak | 122 |
| eAPM avg | 25.7 |
| Villagers / military | 137 / 189 |
Focus
⚔️ 33.8% · 🌾 66.2%
Scout Cavalry ×178 · Trebuchet (Packed) ×11
Match map
Initial resources + every placement click. Lines = walls · curves = elevation contours. ◆ gold · ⬟ stone · ● berries · ✦ relic · ◌ wall gap
Your base· ✓ Closed at 20:37 · 0t walls · 3 gate(s)
Ken's base· ✓ Closed at 15:44 · 0t walls · 3 gate(s)
SemperBlender's base· ✓ Closed at 16:04 · 0t walls · 3 gate(s)
arga58's base· ✓ Closed at 17:52 · 0t walls · 2 gate(s)
TempYuraa's base· ✓ Closed at 13:45 · 0t walls · 2 gate(s)
shortsnorter's base· ✓ Closed at 15:28 · 0t walls · 2 gate(s)
_xy_2252's base· ✓ Closed at 15:32 · 0t walls · 2 gate(s)
Jc's base· ✓ Closed at 17:01 · 0t walls · 3 gate(s)
Smoothed initial terrain · ◌ = detected wall gap · hover for details
Inputs per minute
— mAjiCode - - Ken
Build order — mAjiCode
First 150 of 192 actions detected
| 0:01 | Queue | Villager (Male) |
| 0:01 | Queue | Villager (Male) |
| 0:03 | Build | House |
| 0:05 | Build | House |
| 0:35 | Queue | Villager (Male) |
| 0:47 | Queue | Villager (Male) |
| 1:27 | Queue | Villager (Male) |
| 1:47 | Build | Lumber Camp |
| 2:10 | Queue | Villager (Male) |
| 2:19 | Queue | Villager (Male) |
| 3:11 | Queue | Villager (Male) |
| 3:16 | Queue | Villager (Male) |
| 4:06 | Queue | Villager (Male) |
| 4:07 | Queue | Villager (Male) |
| 4:16 | Build | House |
| 4:55 | Build | Mill |
| 6:57 | Queue | Villager (Male) |
| 6:57 | Queue | Villager (Male) |
| 6:59 | Queue | Villager (Male) |
| 7:15 | Queue | Villager (Male) |
| 7:39 | Queue | Villager (Male) |
| 8:15 | Build | House |
| 8:49 | Queue | Villager (Male) |
| 8:57 | Queue | Villager (Male) |
| 9:05 | Queue | Villager (Male) |
| 9:05 | Queue | Villager (Male) |
| 9:36 | Research | Feudal Age |
| 10:25 | Build | Mining Camp |
| 11:01 | Build | House |
| 11:28 | Queue | Villager (Male) |
| 11:29 | Queue | Villager (Male) |
| 12:06 | Age | Feudal Age |
| 12:08 | Queue | Villager (Male) |
| 13:14 | Build | Barracks |
| 13:18 | Queue | Villager (Male) |
| 13:35 | Queue | Villager (Male) |
| 13:35 | Queue | Villager (Male) |
| 13:45 | Build | Mining Camp |
| 13:50 | Build | Farm |
| 13:52 | Build | Farm |
| 13:53 | Build | Farm |
| 13:56 | Build | Farm |
| 13:58 | Build | Archery Range |
| 14:01 | Build | Blacksmith |
| 14:06 | Research | Double-Bit Axe |
| 14:09 | Research | Horse Collar |
| 14:19 | Build | Farm |
| 14:55 | Research | Loom |
| 15:25 | Queue | Spearman |
| 15:33 | Queue | Villager (Male) |
| 15:34 | Queue | Villager (Male) |
| 15:48 | Queue | Villager (Male) |
| 15:54 | Queue | Villager (Male) |
| 16:26 | Build | Watch Tower |
| 16:29 | Queue | Spearman |
| 16:37 | Build | Watch Tower |
| 16:43 | Queue | Villager (Male) |
| 17:03 | Queue | Skirmisher |
| 17:03 | Queue | Skirmisher |
| 17:22 | Build | Watch Tower |
| 17:27 | Research | Fletching |
| 17:35 | Build | House |
| 17:36 | Build | House |
| 17:37 | Build | House |
| 17:57 | Research | Castle Age |
| 18:02 | Build | Watch Tower |
| 18:24 | Build | House |
| 18:26 | Build | House |
| 18:53 | Build | Watch Tower |
| 19:48 | Build | Mining Camp |
| 19:52 | Queue | Villager (Male) |
| 20:14 | Queue | Archer |
| 20:14 | Queue | Archer |
| 20:37 | Age | Castle Age |
| 20:46 | Build | Monastery |
| 21:10 | Build | Watch Tower |
| 21:29 | Research | Fletching |
| 22:21 | Build | Siege Workshop |
| 22:40 | Build | Siege Workshop |
| 22:43 | Queue | Villager (Male) |
| 22:43 | Queue | Villager (Male) |
| 22:44 | Queue | Villager (Male) |
| 22:57 | Queue | Archer |
| 22:57 | Queue | Archer |
| 23:20 | Build | Barracks |
| 23:22 | Queue | Villager (Male) |
| 23:25 | Build | Barracks |
| 23:27 | Build | Barracks |
| 23:30 | Queue | Villager (Male) |
| 23:36 | Research | Pikeman (upgrade) |
| 23:36 | Research | Squires |
| 23:48 | Queue | Battering Ram |
| 24:09 | Queue | Spearman |
| 24:15 | Queue | Villager (Male) |
| 24:17 | Build | Farm |
| 24:20 | Build | Farm |
| 24:48 | Build | Farm |
| 24:48 | Build | Farm |
| 24:48 | Build | Farm |
| 24:48 | Build | Farm |
| 24:55 | Build | Farm |
| 24:56 | Queue | Villager (Male) |
| 25:10 | Queue | Villager (Male) |
| 25:34 | Queue | Villager (Male) |
| 26:20 | Queue | Villager (Male) |
| 26:30 | Queue | Villager (Male) |
| 26:35 | Build | Farm |
| 26:35 | Build | Farm |
| 26:36 | Build | Farm |
| 26:37 | Build | Farm |
| 26:37 | Build | Farm |
| 26:48 | Research | Stone Mining |
| 26:59 | Build | Farm |
| 27:04 | Build | Gate |
| 27:45 | Build | Palisade Gate |
| 27:49 | Build | House |
| 27:52 | Build | Palisade Gate |
| 28:03 | Build | Barracks |
| 28:42 | Queue | Spearman |
| 28:43 | Queue | Spearman |
| 28:49 | Queue | Militia |
| 28:49 | Queue | Militia |
| 28:54 | Queue | Spearman |
| 28:54 | Queue | Spearman |
| 28:55 | Queue | Spearman |
| 28:56 | Queue | Spearman |
| 32:00 | Queue | Spearman |
| 32:00 | Queue | Spearman |
| 32:25 | Queue | Spearman |
| 32:25 | Queue | Spearman |
| 32:26 | Queue | Spearman |
| 32:33 | Queue | Villager (Male) |
| 33:02 | Queue | Spearman |
| 33:02 | Queue | Spearman |
| 33:24 | Queue | Villager (Male) |
| 33:50 | Build | Town Center |
| 34:23 | Queue | Villager (Male) |
| 34:24 | Queue | Villager (Male) |
| 34:24 | Queue | Villager (Male) |
| 34:24 | Queue | Villager (Male) |
| 34:29 | Queue | Spearman |
| 34:29 | Queue | Spearman |
| 34:30 | Queue | Spearman |
| 35:23 | Queue | Villager (Male) |
| 35:24 | Queue | Villager (Male) |
| 35:31 | Build | Town Center |
| 35:37 | Queue | Villager (Male) |
| 35:38 | Queue | Villager (Male) |
| 35:50 | Queue | Villager (Male) |
| 35:50 | Queue | Villager (Male) |
Build order — Ken
First 150 of 432 actions detected
| 0:03 | Build | House |
| 0:05 | Build | House |
| 0:07 | Queue | Villager (Male) |
| 0:07 | Queue | Villager (Male) |
| 0:07 | Queue | Villager (Male) |
| 0:08 | Queue | Villager (Male) |
| 0:08 | Queue | Villager (Male) |
| 1:34 | Queue | Villager (Male) |
| 1:34 | Queue | Villager (Male) |
| 1:56 | Queue | Villager (Male) |
| 1:57 | Queue | Villager (Male) |
| 1:57 | Queue | Villager (Male) |
| 2:21 | Queue | Villager (Male) |
| 2:21 | Queue | Villager (Male) |
| 2:24 | Build | Lumber Camp |
| 2:48 | Queue | Villager (Male) |
| 2:48 | Queue | Villager (Male) |
| 2:48 | Queue | Villager (Male) |
| 3:10 | Queue | Villager (Male) |
| 3:10 | Queue | Villager (Male) |
| 3:11 | Queue | Villager (Male) |
| 3:35 | Queue | Villager (Male) |
| 3:35 | Queue | Villager (Male) |
| 3:42 | Build | House |
| 4:04 | Build | Mill |
| 4:35 | Queue | Villager (Male) |
| 4:35 | Queue | Villager (Male) |
| 4:36 | Queue | Villager (Male) |
| 5:22 | Queue | Villager (Male) |
| 5:22 | Queue | Villager (Male) |
| 5:23 | Queue | Villager (Male) |
| 6:22 | Queue | Villager (Male) |
| 6:22 | Queue | Villager (Male) |
| 6:22 | Queue | Villager (Male) |
| 6:25 | Queue | Villager (Male) |
| 6:25 | Queue | Villager (Male) |
| 6:26 | Queue | Villager (Male) |
| 6:28 | Build | House |
| 6:35 | Queue | Villager (Male) |
| 6:46 | Queue | Villager (Male) |
| 6:46 | Queue | Villager (Male) |
| 6:46 | Queue | Villager (Male) |
| 6:46 | Queue | Villager (Male) |
| 7:52 | Build | House |
| 8:51 | Research | Feudal Age |
| 9:35 | Build | Mining Camp |
| 10:06 | Queue | Villager (Male) |
| 10:06 | Queue | Villager (Male) |
| 10:15 | Build | Lumber Camp |
| 11:24 | Build | Farm |
| 11:38 | Build | Farm |
| 11:52 | Age | Feudal Age |
| 11:55 | Build | Blacksmith |
| 12:02 | Build | Market |
| 12:27 | Build | Farm |
| 12:36 | Build | House |
| 12:44 | Build | House |
| 13:04 | Research | Castle Age |
| 13:18 | Research | Double-Bit Axe |
| 13:24 | Build | Farm |
| 13:25 | Build | Farm |
| 13:55 | Queue | Villager (Male) |
| 13:55 | Queue | Villager (Male) |
| 14:07 | Build | Farm |
| 14:10 | Build | Farm |
| 15:10 | Build | House |
| 15:11 | Build | House |
| 15:44 | Age | Castle Age |
| 15:46 | Build | Town Center |
| 15:51 | Build | Town Center |
| 16:23 | Build | Gate |
| 16:29 | Research | Bow Saw |
| 16:31 | Queue | Villager (Male) |
| 16:31 | Queue | Villager (Male) |
| 16:47 | Build | House |
| 16:54 | Build | House |
| 17:08 | Queue | Villager (Male) |
| 17:08 | Queue | Villager (Male) |
| 17:11 | Build | Farm |
| 17:15 | Queue | Villager (Male) |
| 17:15 | Queue | Villager (Male) |
| 17:23 | Build | Farm |
| 17:36 | Queue | Villager (Male) |
| 17:36 | Queue | Villager (Male) |
| 17:40 | Build | Farm |
| 17:49 | Build | Farm |
| 17:54 | Research | Loom |
| 17:56 | Queue | Villager (Male) |
| 17:56 | Queue | Villager (Male) |
| 18:08 | Queue | Villager (Male) |
| 18:08 | Queue | Villager (Male) |
| 18:12 | Build | Farm |
| 18:30 | Build | Farm |
| 18:34 | Build | Farm |
| 18:36 | Queue | Villager (Male) |
| 18:36 | Queue | Villager (Male) |
| 18:36 | Queue | Villager (Male) |
| 18:51 | Queue | Villager (Male) |
| 18:51 | Queue | Villager (Male) |
| 18:58 | Build | Town Center |
| 19:12 | Queue | Villager (Male) |
| 19:12 | Queue | Villager (Male) |
| 19:12 | Queue | Villager (Male) |
| 19:27 | Queue | Villager (Male) |
| 19:27 | Queue | Villager (Male) |
| 19:34 | Build | Monastery |
| 19:37 | Queue | Villager (Male) |
| 19:37 | Queue | Villager (Male) |
| 19:43 | Build | Farm |
| 19:52 | Queue | Villager (Male) |
| 19:52 | Queue | Villager (Male) |
| 19:52 | Queue | Villager (Male) |
| 20:20 | Build | Barracks |
| 20:24 | Build | Farm |
| 20:25 | Queue | Villager (Male) |
| 20:25 | Queue | Villager (Male) |
| 20:25 | Queue | Villager (Male) |
| 20:26 | Queue | Villager (Male) |
| 20:35 | Build | House |
| 20:39 | Queue | Villager (Male) |
| 20:39 | Queue | Villager (Male) |
| 20:39 | Queue | Villager (Male) |
| 20:40 | Queue | Villager (Male) |
| 20:40 | Queue | Villager (Male) |
| 20:49 | Build | Farm |
| 20:50 | Build | Farm |
| 20:51 | Build | Farm |
| 21:00 | Build | Farm |
| 21:02 | Queue | Villager (Male) |
| 21:03 | Queue | Villager (Male) |
| 21:19 | Build | House |
| 21:20 | Build | House |
| 21:24 | Research | Wheelbarrow |
| 21:40 | Queue | Monk |
| 21:43 | Queue | Villager (Male) |
| 21:43 | Queue | Villager (Male) |
| 21:43 | Queue | Villager (Male) |
| 21:44 | Queue | Villager (Male) |
| 21:54 | Build | Stable |
| 21:57 | Queue | Villager (Male) |
| 21:57 | Queue | Villager (Male) |
| 21:58 | Queue | Villager (Male) |
| 22:03 | Queue | Trade Cart |
| 22:03 | Queue | Trade Cart |
| 22:04 | Queue | Trade Cart |
| 22:05 | Queue | Villager (Male) |
| 22:06 | Queue | Villager (Male) |
| 22:19 | Build | Mill |
| 22:24 | Build | House |
| 22:30 | Queue | Villager (Male) |
Build order — SemperBlender
First 150 of 262 actions detected
| 0:02 | Queue | Villager (Male) |
| 0:02 | Queue | Villager (Male) |
| 0:03 | Queue | Villager (Male) |
| 0:03 | Queue | Villager (Male) |
| 0:05 | Build | House |
| 0:07 | Build | House |
| 0:09 | Build | House |
| 1:36 | Queue | Villager (Male) |
| 2:14 | Queue | Villager (Male) |
| 2:19 | Build | Settlement |
| 2:25 | Queue | Villager (Male) |
| 3:01 | Queue | Villager (Male) |
| 3:02 | Queue | Villager (Male) |
| 3:26 | Queue | Villager (Male) |
| 3:51 | Queue | Villager (Male) |
| 4:20 | Queue | Villager (Male) |
| 4:47 | Queue | Villager (Male) |
| 5:19 | Build | Settlement |
| 5:48 | Queue | Villager (Male) |
| 5:49 | Queue | Villager (Male) |
| 5:50 | Queue | Villager (Male) |
| 5:58 | Queue | Villager (Male) |
| 6:46 | Queue | Villager (Male) |
| 7:12 | Queue | Villager (Male) |
| 7:19 | Build | Settlement |
| 7:35 | Queue | Villager (Male) |
| 7:35 | Queue | Villager (Male) |
| 8:34 | Build | Farm |
| 8:40 | Queue | Villager (Male) |
| 8:46 | Build | Farm |
| 9:19 | Queue | Villager (Male) |
| 9:36 | Build | Farm |
| 9:40 | Build | Farm |
| 9:46 | Build | Farm |
| 9:50 | Research | Feudal Age |
| 10:10 | Queue | Villager (Male) |
| 10:10 | Queue | Villager (Male) |
| 10:37 | Build | Farm |
| 10:43 | Build | Farm |
| 12:09 | Age | Feudal Age |
| 12:10 | Build | Market |
| 12:15 | Build | Blacksmith |
| 12:40 | Build | Settlement |
| 12:58 | Queue | Villager (Male) |
| 13:13 | Research | Castle Age |
| 13:15 | Research | Horse Collar |
| 13:19 | Research | Double-Bit Axe |
| 13:37 | Research | Stone Mining |
| 13:47 | Build | Farm |
| 14:06 | Research | Gold Mining |
| 14:43 | Build | Settlement |
| 14:49 | Queue | Villager (Male) |
| 14:50 | Queue | Villager (Male) |
| 16:04 | Age | Castle Age |
| 16:12 | Research | Heavy Plow |
| 16:15 | Research | Bow Saw |
| 16:23 | Queue | Villager (Male) |
| 16:32 | Research | Wheelbarrow |
| 16:48 | Build | Castle |
| 16:57 | Queue | Villager (Male) |
| 16:58 | Queue | Villager (Male) |
| 17:23 | Build | Farm |
| 17:36 | Research | Gold Shaft Mining |
| 18:04 | Build | Monastery |
| 18:10 | Queue | Kona |
| 18:10 | Queue | Kona |
| 18:19 | Research | Loom |
| 18:29 | Queue | Kona |
| 18:40 | Build | Farm |
| 18:45 | Queue | Villager (Male) |
| 18:50 | Queue | Monk |
| 18:50 | Queue | Monk |
| 19:11 | Queue | Kona |
| 19:18 | Queue | Villager (Male) |
| 19:29 | Build | Farm |
| 19:40 | Queue | Kona |
| 19:47 | Build | Farm |
| 20:06 | Queue | Monk |
| 20:10 | Build | Farm |
| 20:12 | Queue | Villager (Male) |
| 20:13 | Queue | Villager (Male) |
| 20:17 | Queue | Kona |
| 20:27 | Build | Farm |
| 20:35 | Queue | Kona |
| 20:58 | Queue | Villager (Male) |
| 20:58 | Queue | Villager (Male) |
| 21:01 | Build | Farm |
| 21:07 | Build | Farm |
| 21:09 | Queue | Kona |
| 21:26 | Queue | Kona |
| 21:32 | Build | Farm |
| 21:35 | Build | Settlement |
| 21:38 | Queue | Villager (Male) |
| 21:43 | Build | Farm |
| 21:45 | Build | Farm |
| 21:54 | Build | Farm |
| 21:57 | Build | Farm |
| 21:59 | Build | Farm |
| 22:01 | Queue | Villager (Male) |
| 22:01 | Queue | Villager (Male) |
| 22:02 | Queue | Kona |
| 22:15 | Queue | Villager (Male) |
| 22:25 | Build | Farm |
| 22:28 | Build | Farm |
| 22:34 | Queue | Kona |
| 22:38 | Queue | Kona |
| 22:45 | Build | House |
| 22:46 | Build | House |
| 22:47 | Build | House |
| 22:53 | Build | Farm |
| 22:55 | Queue | Villager (Male) |
| 22:58 | Queue | Kona |
| 23:03 | Queue | Petard |
| 23:11 | Build | Farm |
| 23:15 | Queue | Villager (Male) |
| 23:21 | Queue | Kona |
| 23:32 | Queue | Petard |
| 23:34 | Queue | Villager (Male) |
| 24:14 | Research | Forging |
| 24:19 | Queue | Petard |
| 24:19 | Queue | Kona |
| 24:20 | Queue | Kona |
| 24:20 | Queue | Kona |
| 24:56 | Queue | Villager (Male) |
| 24:56 | Queue | Villager (Male) |
| 25:00 | Research | Hand Cart |
| 25:00 | Queue | Villager (Male) |
| 25:22 | Queue | Kona |
| 25:24 | Queue | Villager (Male) |
| 25:29 | Build | Farm |
| 25:31 | Build | Farm |
| 25:35 | Build | Farm |
| 25:37 | Build | Farm |
| 26:32 | Research | Iron Casting |
| 26:34 | Queue | Kona |
| 26:35 | Queue | Kona |
| 26:35 | Queue | Kona |
| 26:36 | Queue | Kona |
| 26:37 | Queue | Villager (Male) |
| 26:37 | Queue | Villager (Male) |
| 26:45 | Research | Devotion |
| 26:54 | Queue | Kona |
| 26:58 | Queue | Villager (Male) |
| 28:15 | Queue | Villager (Male) |
| 28:15 | Queue | Villager (Male) |
| 28:15 | Queue | Villager (Male) |
| 28:31 | Research | Imperial Age |
| 28:33 | Queue | Kona |
| 28:33 | Queue | Kona |
| 29:30 | Queue | Villager (Male) |
Build order — arga58
First 150 of 167 actions detected
| 0:08 | Build | House |
| 0:10 | Queue | Villager (Male) |
| 0:11 | Queue | Villager (Male) |
| 0:11 | Queue | Villager (Male) |
| 0:12 | Queue | Villager (Male) |
| 1:39 | Queue | Villager (Male) |
| 1:40 | Queue | Villager (Male) |
| 1:56 | Build | Lumber Camp |
| 1:57 | Build | House |
| 2:04 | Queue | Villager (Male) |
| 2:40 | Queue | Villager (Male) |
| 3:04 | Queue | Villager (Male) |
| 3:27 | Queue | Villager (Male) |
| 3:57 | Queue | Villager (Male) |
| 3:57 | Queue | Villager (Male) |
| 4:00 | Build | House |
| 4:52 | Queue | Villager (Male) |
| 4:53 | Queue | Villager (Male) |
| 4:53 | Queue | Villager (Male) |
| 5:41 | Queue | Villager (Male) |
| 5:41 | Queue | Villager (Male) |
| 5:51 | Build | Mill |
| 6:08 | Queue | Villager (Male) |
| 6:11 | Build | House |
| 6:49 | Queue | Villager (Male) |
| 6:50 | Queue | Villager (Male) |
| 6:50 | Queue | Villager (Male) |
| 7:17 | Queue | Villager (Male) |
| 7:27 | Build | Mining Camp |
| 8:27 | Build | Mining Camp |
| 9:11 | Research | Feudal Age |
| 9:31 | Build | House |
| 9:32 | Build | House |
| 9:34 | Build | Barracks |
| 9:42 | Build | Mill |
| 10:59 | Build | Farm |
| 11:03 | Build | Farm |
| 11:05 | Queue | Villager (Male) |
| 11:06 | Queue | Villager (Male) |
| 11:21 | Age | Feudal Age |
| 11:44 | Build | Farm |
| 11:52 | Queue | Villager (Male) |
| 11:52 | Queue | Villager (Male) |
| 12:08 | Queue | Villager (Male) |
| 13:10 | Build | Market |
| 13:12 | Build | House |
| 13:18 | Queue | Villager (Male) |
| 13:18 | Queue | Villager (Male) |
| 13:19 | Queue | Villager (Male) |
| 13:19 | Queue | Villager (Male) |
| 13:28 | Build | Farm |
| 13:58 | Build | Archery Range |
| 14:56 | Build | House |
| 14:58 | Build | House |
| 15:12 | Research | Castle Age |
| 15:16 | Queue | Spearman |
| 15:33 | Queue | Archer |
| 15:33 | Queue | Archer |
| 15:44 | Queue | Spearman |
| 15:58 | Queue | Archer |
| 16:47 | Queue | Spearman |
| 16:50 | Queue | Archer |
| 17:52 | Age | Castle Age |
| 17:55 | Build | Watch Tower |
| 17:59 | Queue | Archer |
| 18:01 | Queue | Villager (Male) |
| 18:01 | Queue | Villager (Male) |
| 18:07 | Build | Town Center |
| 18:25 | Build | Watch Tower |
| 20:05 | Build | Castle |
| 20:27 | Queue | Villager (Male) |
| 20:27 | Queue | Villager (Male) |
| 20:55 | Queue | Villager (Male) |
| 20:56 | Queue | Villager (Male) |
| 20:56 | Queue | Villager (Male) |
| 22:21 | Queue | Villager (Male) |
| 22:21 | Queue | Villager (Male) |
| 22:22 | Queue | Villager (Male) |
| 22:22 | Queue | Villager (Male) |
| 22:22 | Queue | Villager (Male) |
| 22:48 | Build | Farm |
| 23:09 | Build | Town Center |
| 23:27 | Build | Stone Wall |
| 23:37 | Queue | Villager (Male) |
| 23:38 | Queue | Villager (Male) |
| 23:43 | Research | Double-Bit Axe |
| 23:46 | Build | Farm |
| 23:51 | Build | House |
| 24:03 | Build | Farm |
| 24:16 | Queue | Villager (Male) |
| 24:16 | Queue | Villager (Male) |
| 24:28 | Queue | Cataphract |
| 24:28 | Queue | Cataphract |
| 24:51 | Queue | Villager (Male) |
| 24:52 | Queue | Villager (Male) |
| 25:06 | Queue | Villager (Male) |
| 25:06 | Queue | Villager (Male) |
| 25:08 | Build | Farm |
| 25:10 | Build | Farm |
| 25:13 | Build | Farm |
| 25:17 | Queue | Villager (Male) |
| 25:17 | Queue | Villager (Male) |
| 25:46 | Queue | Villager (Male) |
| 25:49 | Build | Farm |
| 25:54 | Build | Farm |
| 26:04 | Build | Farm |
| 26:14 | Build | Farm |
| 26:16 | Queue | Villager (Male) |
| 26:17 | Queue | Villager (Male) |
| 26:27 | Queue | Villager (Male) |
| 26:28 | Queue | Villager (Male) |
| 26:33 | Queue | Villager (Male) |
| 26:33 | Queue | Villager (Male) |
| 26:56 | Queue | Villager (Male) |
| 26:56 | Queue | Villager (Male) |
| 27:00 | Build | Farm |
| 27:02 | Build | Farm |
| 27:57 | Build | Farm |
| 28:01 | Build | Farm |
| 28:06 | Build | Farm |
| 28:20 | Research | Imperial Age |
| 28:33 | Queue | Villager (Male) |
| 28:33 | Queue | Villager (Male) |
| 28:46 | Build | University |
| 28:52 | Queue | Villager (Male) |
| 28:52 | Queue | Villager (Male) |
| 28:52 | Queue | Villager (Male) |
| 29:13 | Queue | Villager (Male) |
| 29:14 | Queue | Villager (Male) |
| 29:18 | Build | Blacksmith |
| 29:32 | Build | Farm |
| 29:33 | Build | Farm |
| 29:37 | Research | Pikeman (upgrade) |
| 29:59 | Build | Mining Camp |
| 30:30 | Build | Castle |
| 30:47 | Build | Siege Workshop |
| 30:53 | Queue | Villager (Male) |
| 30:53 | Queue | Villager (Male) |
| 30:54 | Queue | Villager (Male) |
| 30:54 | Queue | Villager (Male) |
| 31:01 | Queue | Cataphract |
| 31:08 | Queue | Spearman |
| 31:09 | Queue | Spearman |
| 31:09 | Queue | Spearman |
| 31:09 | Queue | Spearman |
| 31:10 | Queue | Spearman |
| 31:29 | Queue | Villager (Male) |
| 31:30 | Queue | Villager (Male) |
| 31:30 | Age | Imperial Age |
| 31:30 | Queue | Villager (Male) |
Build order — TempYuraa
First 150 of 453 actions detected
| 0:01 | Queue | Villager (Male) |
| 0:01 | Queue | Villager (Male) |
| 0:01 | Queue | Villager (Male) |
| 0:02 | Build | House |
| 0:03 | Build | House |
| 0:11 | Queue | Villager (Male) |
| 0:11 | Queue | Villager (Male) |
| 1:26 | Queue | Villager (Male) |
| 1:26 | Queue | Villager (Male) |
| 2:13 | Queue | Villager (Male) |
| 2:14 | Queue | Villager (Male) |
| 2:34 | Queue | Villager (Male) |
| 2:34 | Queue | Villager (Male) |
| 2:34 | Queue | Villager (Male) |
| 2:38 | Build | Lumber Camp |
| 2:43 | Build | Lumber Camp |
| 3:19 | Build | House |
| 3:26 | Queue | Villager (Male) |
| 3:27 | Queue | Villager (Male) |
| 3:27 | Queue | Villager (Male) |
| 3:27 | Queue | Villager (Male) |
| 3:27 | Queue | Villager (Male) |
| 3:58 | Queue | Villager (Male) |
| 3:58 | Queue | Villager (Male) |
| 4:17 | Queue | Villager (Male) |
| 4:18 | Queue | Villager (Male) |
| 4:18 | Queue | Villager (Male) |
| 4:27 | Build | Mill |
| 5:03 | Queue | Villager (Male) |
| 5:03 | Queue | Villager (Male) |
| 5:38 | Build | House |
| 6:10 | Build | Farm |
| 6:13 | Build | Farm |
| 6:20 | Queue | Villager (Male) |
| 6:20 | Queue | Villager (Male) |
| 6:20 | Queue | Villager (Male) |
| 7:07 | Build | Farm |
| 7:14 | Queue | Villager (Male) |
| 7:14 | Queue | Villager (Male) |
| 8:04 | Build | Mining Camp |
| 8:16 | Research | Feudal Age |
| 8:33 | Build | House |
| 9:59 | Queue | Villager (Male) |
| 9:59 | Queue | Villager (Male) |
| 10:25 | Age | Feudal Age |
| 10:32 | Build | Market |
| 10:35 | Queue | Villager (Male) |
| 10:38 | Build | Blacksmith |
| 11:16 | Research | Double-Bit Axe |
| 11:20 | Research | Castle Age |
| 11:20 | Research | Castle Age |
| 11:24 | Build | Farm |
| 12:12 | Research | Horse Collar |
| 12:40 | Build | Farm |
| 12:44 | Build | Farm |
| 12:58 | Build | Farm |
| 13:28 | Queue | Villager (Male) |
| 13:28 | Queue | Villager (Male) |
| 13:31 | Build | House |
| 13:45 | Age | Castle Age |
| 13:47 | Build | Town Center |
| 13:50 | Build | Town Center |
| 13:52 | Queue | Villager (Male) |
| 14:01 | Research | Bow Saw |
| 14:01 | Research | Bow Saw |
| 14:01 | Research | Bow Saw |
| 14:27 | Queue | Villager (Male) |
| 14:38 | Queue | Villager (Male) |
| 14:40 | Build | Farm |
| 14:42 | Build | Farm |
| 14:59 | Build | Farm |
| 15:01 | Queue | Villager (Male) |
| 15:11 | Build | House |
| 15:13 | Build | House |
| 15:15 | Queue | Villager (Male) |
| 15:21 | Build | Farm |
| 15:24 | Queue | Villager (Male) |
| 15:24 | Queue | Villager (Male) |
| 15:26 | Queue | Villager (Male) |
| 15:26 | Queue | Villager (Male) |
| 15:35 | Queue | Villager (Male) |
| 15:35 | Queue | Villager (Male) |
| 15:38 | Build | Farm |
| 15:51 | Build | Farm |
| 15:52 | Queue | Villager (Male) |
| 15:55 | Build | Farm |
| 16:00 | Build | Farm |
| 16:09 | Queue | Villager (Male) |
| 16:13 | Queue | Villager (Male) |
| 16:13 | Queue | Villager (Male) |
| 16:13 | Queue | Villager (Male) |
| 16:15 | Build | Farm |
| 16:23 | Build | Farm |
| 16:29 | Queue | Villager (Male) |
| 16:29 | Queue | Villager (Male) |
| 16:33 | Build | Farm |
| 16:39 | Build | House |
| 16:40 | Queue | Villager (Male) |
| 16:40 | Queue | Villager (Male) |
| 16:43 | Build | House |
| 16:46 | Queue | Villager (Male) |
| 16:47 | Queue | Villager (Male) |
| 16:53 | Build | Farm |
| 17:10 | Queue | Villager (Male) |
| 17:15 | Build | House |
| 17:15 | Build | House |
| 17:18 | Queue | Villager (Male) |
| 17:18 | Queue | Villager (Male) |
| 17:22 | Build | Farm |
| 17:24 | Queue | Villager (Male) |
| 17:24 | Queue | Villager (Male) |
| 17:27 | Build | Farm |
| 17:30 | Build | Farm |
| 17:33 | Queue | Villager (Male) |
| 17:36 | Build | Farm |
| 17:38 | Build | Farm |
| 17:41 | Queue | Villager (Male) |
| 17:41 | Queue | Villager (Male) |
| 17:43 | Build | Farm |
| 17:48 | Build | Farm |
| 18:00 | Queue | Villager (Male) |
| 18:02 | Queue | Villager (Male) |
| 18:06 | Build | Farm |
| 18:07 | Queue | Villager (Male) |
| 18:07 | Queue | Villager (Male) |
| 18:11 | Build | Farm |
| 18:14 | Build | House |
| 18:15 | Queue | Villager (Male) |
| 18:43 | Queue | Villager (Male) |
| 18:44 | Queue | Villager (Male) |
| 18:45 | Build | House |
| 18:46 | Queue | Villager (Male) |
| 18:47 | Queue | Villager (Male) |
| 18:50 | Build | Town Center |
| 18:51 | Queue | Villager (Male) |
| 18:59 | Queue | Villager (Male) |
| 19:09 | Research | Heavy Plow |
| 19:09 | Research | Heavy Plow |
| 19:16 | Build | House |
| 19:20 | Build | House |
| 19:21 | Queue | Villager (Male) |
| 19:31 | Queue | Villager (Male) |
| 19:32 | Queue | Villager (Male) |
| 19:35 | Queue | Villager (Male) |
| 19:40 | Research | Wheelbarrow |
| 19:40 | Research | Wheelbarrow |
| 19:41 | Research | Wheelbarrow |
| 19:46 | Queue | Villager (Male) |
| 19:51 | Build | Town Center |
| 19:56 | Build | House |
Build order — shortsnorter
First 150 of 296 actions detected
| 0:01 | Queue | Villager (Male) |
| 0:02 | Queue | Villager (Male) |
| 0:02 | Queue | Villager (Male) |
| 0:02 | Queue | Villager (Male) |
| 0:02 | Queue | Villager (Male) |
| 0:05 | Build | House |
| 0:06 | Build | House |
| 1:29 | Queue | Villager (Male) |
| 1:57 | Build | Lumber Camp |
| 2:02 | Queue | Villager (Male) |
| 2:19 | Queue | Villager (Male) |
| 2:52 | Queue | Villager (Male) |
| 3:14 | Queue | Villager (Male) |
| 3:21 | Build | House |
| 3:23 | Build | House |
| 3:44 | Research | Loom |
| 3:58 | Queue | Villager (Male) |
| 3:59 | Queue | Villager (Male) |
| 4:36 | Queue | Villager (Male) |
| 4:36 | Queue | Villager (Male) |
| 5:04 | Queue | Villager (Male) |
| 5:05 | Queue | Villager (Male) |
| 5:05 | Queue | Villager (Male) |
| 5:24 | Queue | Villager (Male) |
| 5:24 | Queue | Villager (Male) |
| 5:24 | Queue | Villager (Male) |
| 5:54 | Queue | Villager (Male) |
| 5:54 | Queue | Villager (Male) |
| 6:17 | Queue | Villager (Male) |
| 6:46 | Queue | Villager (Male) |
| 6:46 | Queue | Villager (Male) |
| 7:37 | Queue | Villager (Male) |
| 7:56 | Build | Mill |
| 8:06 | Build | Mining Camp |
| 8:38 | Research | Feudal Age |
| 8:39 | Research | Feudal Age |
| 10:02 | Build | Farm |
| 10:13 | Build | Farm |
| 10:17 | Build | Farm |
| 10:48 | Age | Feudal Age |
| 10:51 | Build | Market |
| 10:55 | Build | Blacksmith |
| 11:00 | Build | Farm |
| 11:07 | Build | Farm |
| 12:19 | Build | Barracks |
| 12:21 | Build | House |
| 12:48 | Research | Castle Age |
| 12:48 | Research | Castle Age |
| 13:24 | Research | Double-Bit Axe |
| 13:24 | Research | Double-Bit Axe |
| 13:55 | Research | Horse Collar |
| 13:56 | Research | Horse Collar |
| 14:12 | Queue | Spearman |
| 14:19 | Queue | Villager (Male) |
| 14:19 | Queue | Villager (Male) |
| 14:54 | Queue | Villager (Male) |
| 14:55 | Queue | Villager (Male) |
| 15:28 | Age | Castle Age |
| 15:29 | Build | Town Center |
| 15:34 | Build | Monastery |
| 15:58 | Queue | Villager (Male) |
| 16:08 | Queue | Monk |
| 16:08 | Queue | Monk |
| 16:08 | Queue | Monk |
| 16:58 | Queue | Villager (Male) |
| 17:06 | Queue | Villager (Male) |
| 17:07 | Queue | Villager (Male) |
| 17:11 | Build | Farm |
| 17:21 | Build | Farm |
| 17:24 | Build | Farm |
| 17:34 | Queue | Villager (Male) |
| 17:36 | Queue | Villager (Male) |
| 17:36 | Queue | Villager (Male) |
| 17:42 | Build | Farm |
| 17:46 | Build | Farm |
| 17:50 | Queue | Villager (Male) |
| 17:57 | Build | Farm |
| 18:01 | Build | House |
| 18:02 | Build | House |
| 18:12 | Queue | Villager (Male) |
| 18:17 | Research | Wheelbarrow |
| 18:18 | Queue | Villager (Male) |
| 18:18 | Queue | Villager (Male) |
| 18:37 | Queue | Villager (Male) |
| 19:03 | Queue | Spearman |
| 19:04 | Queue | Spearman |
| 19:04 | Queue | Spearman |
| 19:09 | Queue | Villager (Male) |
| 19:14 | Build | Farm |
| 19:15 | Build | Farm |
| 19:15 | Build | Farm |
| 19:19 | Build | Farm |
| 19:23 | Queue | Villager (Male) |
| 20:27 | Queue | Villager (Male) |
| 20:28 | Queue | Villager (Male) |
| 20:32 | Build | House |
| 20:33 | Build | House |
| 20:34 | Build | House |
| 20:51 | Research | Pikeman (upgrade) |
| 20:53 | Queue | Villager (Male) |
| 20:54 | Queue | Villager (Male) |
| 21:08 | Build | Town Center |
| 21:18 | Queue | Villager (Male) |
| 21:20 | Queue | Villager (Male) |
| 21:44 | Research | Heavy Plow |
| 21:48 | Build | Farm |
| 21:51 | Build | Farm |
| 21:53 | Build | Farm |
| 21:56 | Queue | Villager (Male) |
| 21:58 | Queue | Villager (Male) |
| 22:21 | Queue | Villager (Male) |
| 22:22 | Queue | Villager (Male) |
| 22:26 | Queue | Villager (Male) |
| 22:34 | Build | Farm |
| 22:38 | Build | Farm |
| 22:51 | Queue | Villager (Male) |
| 23:03 | Build | Farm |
| 23:07 | Build | Farm |
| 23:16 | Build | Lumber Camp |
| 23:19 | Build | Farm |
| 23:21 | Queue | Villager (Male) |
| 23:22 | Queue | Villager (Male) |
| 23:27 | Build | House |
| 23:28 | Build | House |
| 23:30 | Build | House |
| 23:35 | Queue | Villager (Male) |
| 23:41 | Queue | Villager (Male) |
| 23:41 | Queue | Villager (Male) |
| 23:52 | Queue | Villager (Male) |
| 23:53 | Queue | Villager (Male) |
| 24:01 | Build | Farm |
| 24:05 | Build | Mining Camp |
| 24:09 | Queue | Villager (Male) |
| 24:11 | Queue | Villager (Male) |
| 24:15 | Queue | Villager (Male) |
| 24:18 | Queue | Villager (Male) |
| 24:28 | Build | Farm |
| 24:33 | Queue | Villager (Male) |
| 24:34 | Queue | Villager (Male) |
| 24:43 | Build | House |
| 24:48 | Build | University |
| 24:50 | Build | House |
| 24:51 | Build | House |
| 24:54 | Build | House |
| 24:59 | Queue | Villager (Male) |
| 24:59 | Queue | Villager (Male) |
| 25:06 | Queue | Villager (Male) |
| 25:07 | Queue | Villager (Male) |
| 25:20 | Queue | Villager (Male) |
| 25:37 | Build | Archery Range |
Build order — _xy_2252
First 150 of 477 actions detected
| 0:03 | Queue | Villager (Male) |
| 0:03 | Queue | Villager (Male) |
| 0:03 | Queue | Villager (Male) |
| 0:04 | Queue | Villager (Male) |
| 0:06 | Build | House |
| 0:07 | Build | House |
| 1:28 | Queue | Villager (Male) |
| 1:29 | Queue | Villager (Male) |
| 1:29 | Queue | Villager (Male) |
| 1:29 | Queue | Villager (Male) |
| 1:30 | Queue | Villager (Male) |
| 1:50 | Build | Lumber Camp |
| 2:04 | Queue | Villager (Male) |
| 2:05 | Queue | Villager (Male) |
| 2:05 | Queue | Villager (Male) |
| 2:05 | Queue | Villager (Male) |
| 2:05 | Queue | Villager (Male) |
| 2:24 | Queue | Villager (Male) |
| 2:24 | Queue | Villager (Male) |
| 2:24 | Queue | Villager (Male) |
| 2:25 | Queue | Villager (Male) |
| 2:25 | Queue | Villager (Male) |
| 2:51 | Queue | Villager (Male) |
| 2:52 | Queue | Villager (Male) |
| 2:52 | Queue | Villager (Male) |
| 2:52 | Queue | Villager (Male) |
| 3:07 | Queue | Villager (Male) |
| 3:08 | Queue | Villager (Male) |
| 3:08 | Queue | Villager (Male) |
| 3:08 | Queue | Villager (Male) |
| 3:08 | Queue | Villager (Male) |
| 3:09 | Queue | Villager (Male) |
| 3:16 | Research | Loom |
| 3:16 | Research | Loom |
| 3:19 | Queue | Villager (Male) |
| 3:19 | Queue | Villager (Male) |
| 3:19 | Queue | Villager (Male) |
| 3:38 | Queue | Villager (Male) |
| 3:38 | Queue | Villager (Male) |
| 3:39 | Queue | Villager (Male) |
| 3:39 | Queue | Villager (Male) |
| 3:39 | Queue | Villager (Male) |
| 3:39 | Queue | Villager (Male) |
| 3:40 | Queue | Villager (Male) |
| 3:46 | Build | House |
| 4:04 | Queue | Villager (Male) |
| 4:04 | Queue | Villager (Male) |
| 4:05 | Queue | Villager (Male) |
| 4:05 | Queue | Villager (Male) |
| 4:05 | Queue | Villager (Male) |
| 4:09 | Research | Loom |
| 4:09 | Queue | Villager (Male) |
| 4:09 | Research | Loom |
| 4:10 | Queue | Villager (Male) |
| 4:10 | Queue | Villager (Male) |
| 4:12 | Build | House |
| 4:27 | Queue | Villager (Male) |
| 4:28 | Queue | Villager (Male) |
| 4:28 | Queue | Villager (Male) |
| 4:28 | Queue | Villager (Male) |
| 4:39 | Build | Mill |
| 4:48 | Queue | Villager (Male) |
| 4:48 | Queue | Villager (Male) |
| 4:48 | Queue | Villager (Male) |
| 4:49 | Queue | Villager (Male) |
| 5:35 | Queue | Villager (Male) |
| 5:35 | Queue | Villager (Male) |
| 5:35 | Queue | Villager (Male) |
| 5:54 | Queue | Villager (Male) |
| 5:54 | Queue | Villager (Male) |
| 5:55 | Queue | Villager (Male) |
| 5:55 | Queue | Villager (Male) |
| 5:55 | Queue | Villager (Male) |
| 5:56 | Queue | Villager (Male) |
| 5:56 | Queue | Villager (Male) |
| 5:56 | Queue | Villager (Male) |
| 6:13 | Queue | Villager (Male) |
| 6:13 | Queue | Villager (Male) |
| 6:13 | Queue | Villager (Male) |
| 6:13 | Queue | Villager (Male) |
| 6:14 | Queue | Villager (Male) |
| 6:27 | Build | Mill |
| 6:32 | Queue | Villager (Male) |
| 6:32 | Queue | Villager (Male) |
| 6:32 | Queue | Villager (Male) |
| 6:32 | Queue | Villager (Male) |
| 6:56 | Queue | Villager (Male) |
| 6:56 | Queue | Villager (Male) |
| 6:57 | Queue | Villager (Male) |
| 6:57 | Queue | Villager (Male) |
| 6:57 | Queue | Villager (Male) |
| 6:58 | Queue | Villager (Male) |
| 7:20 | Queue | Villager (Male) |
| 7:20 | Queue | Villager (Male) |
| 7:20 | Queue | Villager (Male) |
| 7:20 | Queue | Villager (Male) |
| 7:30 | Queue | Villager (Male) |
| 7:31 | Queue | Villager (Male) |
| 7:31 | Queue | Villager (Male) |
| 7:53 | Queue | Villager (Male) |
| 7:54 | Queue | Villager (Male) |
| 7:54 | Queue | Villager (Male) |
| 8:05 | Queue | Villager (Male) |
| 8:05 | Queue | Villager (Male) |
| 8:05 | Queue | Villager (Male) |
| 8:15 | Build | Mining Camp |
| 9:24 | Research | Feudal Age |
| 9:24 | Research | Feudal Age |
| 9:24 | Research | Feudal Age |
| 9:38 | Build | House |
| 11:34 | Age | Feudal Age |
| 11:37 | Research | Wheelbarrow |
| 11:37 | Research | Wheelbarrow |
| 11:37 | Research | Wheelbarrow |
| 11:42 | Build | Market |
| 11:44 | Build | Blacksmith |
| 12:40 | Research | Castle Age |
| 12:41 | Research | Castle Age |
| 12:41 | Research | Castle Age |
| 12:41 | Research | Castle Age |
| 12:58 | Research | Double-Bit Axe |
| 12:58 | Research | Double-Bit Axe |
| 12:58 | Research | Double-Bit Axe |
| 13:15 | Build | Mining Camp |
| 13:35 | Research | Stone Mining |
| 13:35 | Research | Stone Mining |
| 13:36 | Research | Stone Mining |
| 14:25 | Research | Horse Collar |
| 14:26 | Research | Horse Collar |
| 14:26 | Research | Horse Collar |
| 15:32 | Age | Castle Age |
| 15:34 | Queue | Villager (Male) |
| 15:36 | Research | Bow Saw |
| 15:36 | Research | Bow Saw |
| 15:36 | Research | Bow Saw |
| 15:38 | Research | Heavy Plow |
| 15:38 | Research | Heavy Plow |
| 15:41 | Queue | Villager (Male) |
| 16:21 | Build | Farm |
| 16:38 | Build | Farm |
| 16:40 | Build | Farm |
| 16:49 | Build | Farm |
| 16:53 | Build | Farm |
| 16:59 | Queue | Villager (Male) |
| 17:00 | Queue | Villager (Male) |
| 17:13 | Build | Castle |
| 17:26 | Build | Farm |
| 17:30 | Build | Farm |
| 17:35 | Build | Farm |
| 17:39 | Build | Farm |
Build order — Jc
First 150 of 528 actions detected
| 0:01 | Queue | Villager (Male) |
| 0:03 | Build | House |
| 0:05 | Build | House |
| 0:12 | Queue | Villager (Male) |
| 0:12 | Queue | Villager (Male) |
| 0:13 | Queue | Villager (Male) |
| 1:13 | Queue | Villager (Male) |
| 1:45 | Build | Lumber Camp |
| 1:51 | Queue | Villager (Male) |
| 2:07 | Queue | Villager (Male) |
| 2:52 | Queue | Villager (Male) |
| 3:04 | Build | House |
| 3:08 | Queue | Villager (Male) |
| 3:28 | Queue | Villager (Male) |
| 3:45 | Queue | Villager (Male) |
| 3:45 | Queue | Villager (Male) |
| 4:21 | Queue | Villager (Male) |
| 4:49 | Queue | Villager (Male) |
| 5:07 | Build | Mill |
| 5:12 | Queue | Villager (Male) |
| 5:38 | Queue | Villager (Male) |
| 6:14 | Queue | Villager (Male) |
| 6:22 | Build | Farm |
| 6:24 | Build | Farm |
| 6:27 | Build | Mill |
| 6:53 | Queue | Villager (Male) |
| 7:21 | Queue | Villager (Male) |
| 7:59 | Queue | Villager (Male) |
| 8:14 | Queue | Villager (Male) |
| 8:29 | Build | Mining Camp |
| 8:30 | Queue | Villager (Male) |
| 8:41 | Queue | Villager (Male) |
| 9:08 | Queue | Villager (Male) |
| 9:24 | Research | Feudal Age |
| 10:18 | Queue | Villager (Male) |
| 10:32 | Build | Farm |
| 10:33 | Build | Farm |
| 10:34 | Build | Mill |
| 10:50 | Queue | Villager (Male) |
| 10:50 | Queue | Villager (Male) |
| 11:41 | Build | House |
| 11:49 | Age | Feudal Age |
| 11:49 | Build | House |
| 11:51 | Build | House |
| 11:54 | Research | Horse Collar |
| 11:55 | Research | Double-Bit Axe |
| 11:58 | Build | Blacksmith |
| 12:03 | Build | Farm |
| 12:03 | Build | Farm |
| 12:04 | Build | Farm |
| 12:05 | Build | Farm |
| 12:11 | Queue | Villager (Male) |
| 12:30 | Build | Market |
| 12:43 | Build | Farm |
| 13:00 | Queue | Villager (Male) |
| 13:05 | Build | Farm |
| 13:22 | Queue | Villager (Male) |
| 13:29 | Build | Farm |
| 13:45 | Build | Farm |
| 14:08 | Build | Farm |
| 14:12 | Build | Farm |
| 14:21 | Research | Castle Age |
| 14:34 | Build | Farm |
| 14:41 | Build | Farm |
| 15:07 | Research | Wheelbarrow |
| 17:01 | Age | Castle Age |
| 17:06 | Build | Castle |
| 17:10 | Build | Town Center |
| 17:15 | Build | Town Center |
| 17:41 | Research | Bow Saw |
| 17:43 | Queue | Villager (Male) |
| 17:54 | Research | Heavy Plow |
| 17:56 | Queue | Villager (Male) |
| 18:33 | Build | Mining Camp |
| 18:37 | Queue | Villager (Male) |
| 18:37 | Queue | Villager (Male) |
| 18:37 | Queue | Villager (Male) |
| 18:39 | Queue | Villager (Male) |
| 18:44 | Build | Mining Camp |
| 18:58 | Queue | Villager (Male) |
| 19:03 | Research | Gold Mining |
| 19:05 | Queue | Villager (Male) |
| 19:05 | Queue | Villager (Male) |
| 19:13 | Build | Farm |
| 19:13 | Build | Farm |
| 19:20 | Build | Farm |
| 19:21 | Build | Farm |
| 19:24 | Queue | Villager (Male) |
| 19:25 | Queue | Villager (Male) |
| 19:26 | Queue | Villager (Male) |
| 19:27 | Queue | Villager (Male) |
| 19:33 | Build | House |
| 19:41 | Build | House |
| 19:43 | Queue | Villager (Male) |
| 19:51 | Build | Farm |
| 19:51 | Build | Farm |
| 19:51 | Build | Farm |
| 20:00 | Queue | Villager (Male) |
| 20:04 | Build | Farm |
| 20:04 | Build | Farm |
| 20:04 | Build | Farm |
| 20:06 | Queue | Villager (Male) |
| 20:19 | Build | Farm |
| 20:21 | Queue | Villager (Male) |
| 20:37 | Build | Farm |
| 20:38 | Queue | Villager (Male) |
| 20:44 | Queue | Villager (Male) |
| 20:46 | Queue | Villager (Male) |
| 21:01 | Build | House |
| 21:03 | Build | Barracks |
| 21:10 | Queue | Villager (Male) |
| 21:12 | Research | Szlachta Privileges |
| 21:13 | Queue | Villager (Male) |
| 21:20 | Queue | Villager (Male) |
| 21:21 | Queue | Villager (Male) |
| 21:22 | Queue | Villager (Male) |
| 21:32 | Queue | Villager (Male) |
| 21:47 | Research | Loom |
| 21:48 | Research | Hand Cart |
| 21:48 | Research | Town Watch |
| 21:50 | Research | Town Watch |
| 21:50 | Research | Town Watch |
| 21:59 | Build | House |
| 22:00 | Build | Stable |
| 22:05 | Queue | Villager (Male) |
| 22:06 | Queue | Villager (Male) |
| 22:08 | Queue | Villager (Male) |
| 22:16 | Queue | Villager (Male) |
| 22:36 | Build | Farm |
| 22:45 | Build | Stable |
| 22:48 | Queue | Villager (Male) |
| 22:53 | Build | Farm |
| 22:54 | Build | Farm |
| 22:55 | Build | Mill |
| 23:02 | Queue | Villager (Male) |
| 23:07 | Build | Farm |
| 23:07 | Build | Farm |
| 23:08 | Build | Farm |
| 23:08 | Build | Farm |
| 23:08 | Build | Farm |
| 23:09 | Build | Farm |
| 23:09 | Build | Farm |
| 23:09 | Build | Farm |
| 23:13 | Queue | Villager (Male) |
| 23:16 | Queue | Villager (Male) |
| 23:18 | Build | Farm |
| 23:18 | Build | Farm |
| 23:18 | Build | Farm |
| 23:18 | Build | Farm |
| 23:19 | Build | Farm |
Match timeline
| 9:34 | arga58 · first_building Barracks |
| 10:25 | TempYuraa · age_up feudal |
| 10:48 | shortsnorter · age_up feudal |
| 11:21 | arga58 · age_up feudal |
| 11:34 | _xy_2252 · age_up feudal |
| 11:49 | Jc · age_up feudal |
| 11:52 | Ken · age_up feudal |
| 12:06 | mAjiCode · age_up feudal |
| 12:09 | SemperBlender · age_up feudal |
| 12:19 | shortsnorter · first_building Barracks |
| 12:35 | _xy_2252 · first_market_sell 100 food |
| 13:14 | mAjiCode · first_building Barracks |
| 13:45 | TempYuraa · age_up castle |
| 13:58 | mAjiCode · first_building Archery Range |
| 13:58 | arga58 · first_building Archery Range |
| 15:03 | arga58 · first_market_buy 100 food |
| 15:06 | arga58 · first_market_sell 100 stone |
| 15:28 | shortsnorter · age_up castle |
| 15:32 | _xy_2252 · age_up castle |
| 15:34 | shortsnorter · first_building Monastery |
| 15:44 | Ken · age_up castle |
| 16:04 | SemperBlender · age_up castle |
| 16:48 | SemperBlender · first_building Castle |
| 17:01 | Jc · age_up castle |
| 17:06 | Jc · first_building Castle |
| 17:13 | _xy_2252 · first_building Castle |
| 17:52 | arga58 · age_up castle |
| 18:04 | SemperBlender · first_building Monastery |
| 19:34 | Ken · first_building Monastery |
| 20:05 | arga58 · first_building Castle |
| 20:20 | Ken · first_building Barracks |
| 20:37 | mAjiCode · age_up castle |
| 20:46 | mAjiCode · first_building Monastery |
| 21:03 | Jc · first_building Barracks |
| 21:54 | Ken · first_building Stable |
| 21:55 | TempYuraa · first_building Siege Workshop |
| 22:00 | Jc · first_building Stable |
| 22:21 | mAjiCode · first_building Siege Workshop |
| 23:27 | Ken · first_building Castle |
| 23:27 | arga58 · wall_segment Stone Wall x2 |
| 24:17 | TempYuraa · first_building Monastery |
| 24:38 | TempYuraa · first_building Barracks |
| 25:15 | Ken · first_building Siege Workshop |
| 25:29 | TempYuraa · first_building Stable |
| 25:37 | shortsnorter · first_building Archery Range |
| 25:43 | shortsnorter · first_building Stable |
| 26:42 | TempYuraa · first_building Castle |
| 27:09 | _xy_2252 · first_building Barracks |
| 27:44 | TempYuraa · age_up imperial |
| 27:57 | _xy_2252 · first_building Archery Range |
| 28:30 | Jc · age_up imperial |
| 28:37 | shortsnorter · first_building Castle |
| 28:52 | _xy_2252 · first_building Stable |
| 28:59 | Jc · first_market_sell 100 food |
| 29:03 | TempYuraa · wall_segment Stone Wall x1 |
| 30:47 | arga58 · first_building Siege Workshop |
| 30:49 | shortsnorter · age_up imperial |
| 31:30 | arga58 · age_up imperial |
| 31:35 | _xy_2252 · age_up imperial |
| 31:54 | SemperBlender · first_building Barracks |
| 31:56 | SemperBlender · age_up imperial |
| 32:29 | TempYuraa · first_market_sell 500 food |
| 32:41 | Ken · age_up imperial |
| 33:17 | TempYuraa · tribute_sent a jugador 1 |
| 33:17 | TempYuraa · tribute_sent a jugador 2 |
| 33:17 | TempYuraa · tribute_sent a jugador 3 |
| 33:17 | TempYuraa · tribute_sent a jugador 4 |
| 33:17 | TempYuraa · tribute_sent a jugador 6 |
| 33:17 | TempYuraa · tribute_sent a jugador 7 |
| 33:17 | TempYuraa · tribute_sent a jugador 8 |
| 33:41 | TempYuraa · tribute_sent a jugador 1 |
| 33:41 | TempYuraa · tribute_sent a jugador 2 |
| 33:41 | TempYuraa · tribute_sent a jugador 3 |
| 33:41 | TempYuraa · tribute_sent a jugador 4 |
| 33:41 | TempYuraa · tribute_sent a jugador 6 |
| 33:41 | TempYuraa · tribute_sent a jugador 7 |
| 33:41 | TempYuraa · tribute_sent a jugador 8 |
| 34:27 | _xy_2252 · first_building Siege Workshop |
| 34:46 | _xy_2252 · wall_segment Stone Wall x11 |
| 35:25 | _xy_2252 · first_market_buy 100 stone |
| 35:38 | arga58 · resign |
| 35:44 | TempYuraa · tribute_sent a jugador 1 |
| 35:44 | TempYuraa · tribute_sent a jugador 2 |
| 35:44 | TempYuraa · tribute_sent a jugador 3 |
| 35:44 | TempYuraa · tribute_sent a jugador 4 |
| 35:44 | TempYuraa · tribute_sent a jugador 6 |
| 35:44 | TempYuraa · tribute_sent a jugador 7 |
| 35:44 | TempYuraa · tribute_sent a jugador 8 |
| 35:51 | TempYuraa · tribute_sent a jugador 1 |
| 35:51 | TempYuraa · tribute_sent a jugador 2 |
| 35:51 | TempYuraa · tribute_sent a jugador 3 |
| 35:51 | TempYuraa · tribute_sent a jugador 4 |
| 35:51 | TempYuraa · tribute_sent a jugador 6 |
| 35:51 | TempYuraa · tribute_sent a jugador 7 |
| 35:51 | TempYuraa · tribute_sent a jugador 8 |
| 37:03 | TempYuraa · tribute_sent a jugador 1 |
| 37:03 | TempYuraa · tribute_sent a jugador 2 |
| 37:03 | TempYuraa · tribute_sent a jugador 3 |
| 37:03 | TempYuraa · tribute_sent a jugador 4 |
| 37:03 | TempYuraa · tribute_sent a jugador 6 |
| 37:03 | TempYuraa · tribute_sent a jugador 7 |
| 37:03 | TempYuraa · tribute_sent a jugador 8 |
| 37:08 | TempYuraa · tribute_sent a jugador 1 |
| 37:08 | TempYuraa · tribute_sent a jugador 2 |
| 37:08 | TempYuraa · tribute_sent a jugador 3 |
| 37:08 | TempYuraa · tribute_sent a jugador 4 |
| 37:08 | TempYuraa · tribute_sent a jugador 6 |
| 37:08 | TempYuraa · tribute_sent a jugador 7 |
| 37:08 | TempYuraa · tribute_sent a jugador 8 |
| 38:43 | TempYuraa · tribute_sent a jugador 1 |
| 38:43 | TempYuraa · tribute_sent a jugador 2 |
| 38:43 | TempYuraa · tribute_sent a jugador 3 |
| 38:43 | TempYuraa · tribute_sent a jugador 4 |
| 38:43 | TempYuraa · tribute_sent a jugador 6 |
| 38:43 | TempYuraa · tribute_sent a jugador 7 |
| 38:43 | TempYuraa · tribute_sent a jugador 8 |
| 39:11 | _xy_2252 · wall_segment Stone Wall x6 |
| 39:31 | _xy_2252 · wall_segment Stone Wall x11 |
| 39:43 | TempYuraa · tribute_sent a jugador 1 |
| 39:43 | TempYuraa · tribute_sent a jugador 2 |
| 39:43 | TempYuraa · tribute_sent a jugador 3 |
| 39:43 | TempYuraa · tribute_sent a jugador 4 |
| 39:43 | TempYuraa · tribute_sent a jugador 6 |
| 39:43 | TempYuraa · tribute_sent a jugador 7 |
| 39:43 | TempYuraa · tribute_sent a jugador 8 |
[ AI ANALYSIS · 1 CREDIT ]
What really happened in this match?
Wolo.gg analyzes every decision: build order, eco, micro, common mistakes by bracket. Personalized analysis on WhatsApp or Discord in 30 seconds.
Civ guide
Japanese
Perfil
Jugador #11930008